 Dungeon Crawl Stone Soup version 0.19.5 (webtiles) character file.

66555 schorsch312 the Fencer (level 14, -3/111 HPs)
             Began as a Minotaur Fighter on May 18, 2017.
             Was the Champion of Trog.
             Killed by divine providence
             ... invoked by Saint Roka
              (17 damage)
             ... on level 1 of the Depths.
             The game lasted 01:32:11 (15497 turns).

schorsch312 the Fencer (Minotaur Fighter)          Turns: 15497, Time: 01:32:14

Health: -3/111     AC: 45    Str: 27    XL:     14   Next: 79%
Magic:  11/11      EV: 11    Int:  8    God:    Trog [******]
Gold:   793        SH:  0    Dex: 17    Spells: 0 memorised, 13 levels left

rFire  . . .     SeeInvis .     m - +3 demon whip (distort)
rCold  + . .     Gourm    .     L - +8 orange crystal plate armour {Archmagi, Int+3 Clar}
rNeg   . . .     Faith    .     (no shield)
rPois  .         Spirit   .     J - +1 hat
rElec  .         Reflect  .     B - +2 cloak {rC+}
rCorr  .         Harm     .     y - +1 pair of gloves {Dex+3}
MR     +....     Clarity  +     P - +1 pair of boots {Stlth+}
Stlth  ..........               (no amulet)
                                C - +2 ring of protection
                                e - +2 ring of protection

@: mighty, drained
A: retaliatory headbutt, horns 2, talons 1, camouflage 1, blink, low mp 1,
mutation resistance 1, wild magic 1, MP-powered wands
a: Blink, Berserk, Trog's Hand, Brothers in Arms, Burn Spellbooks, Renounce
Religion


You were on level 1 of the Depths.
You worshipped Trog.
Trog was exalted by your worship.
You were not hungry.

You visited 3 branches of the dungeon, and saw 17 of its levels.
You also visited: Ice Cave.

You collected 1166 gold pieces.
You spent 373 gold pieces at shops.

Inventory:

Hand Weapons
 c - the +11 falchion "Jotecik" {drain, rF+ Str+4}
   (You found it on level 4 of the Dungeon)

   A truly terrible weapon, it drains the life of those it strikes.
   It affects your strength (+4).
   It protects you from fire.
 m - a +3 demon whip of distortion (weapon)
 q - a +2 bardiche
Armour
 y - a +1 pair of gloves of dexterity (worn)
 B - a +2 cloak of cold resistance (worn)
 J - a +1 hat (worn)
 K - a +0 buckler of protection
 L - the +8 orange crystal plate armour (worn) {Archmagi, Int+3 Clar}
   (You found it on level 9 of the Dungeon)

   It affects your intelligence (+3).
   It protects you against confusion.
 P - a +1 pair of boots of stealth (worn)
Jewellery
 e - a +2 ring of protection (left hand)
 C - a +2 ring of protection (right hand)
Wands
 b - a wand of lightning (5/15)
 w - a wand of hasting (7/9)
 F - a wand of confusion (16/48)
Scrolls
 a - a scroll of teleportation
 h - 3 scrolls of recharging
 n - 2 scrolls of blinking
 o - a scroll of identify
 p - 5 scrolls of remove curse
 t - 4 scrolls of fear
 u - a scroll of holy word {unknown}
 v - 2 scrolls of magic mapping
 z - a scroll of immolation {unknown}
 I - a scroll of acquirement {unknown}
Potions
 d - 5 potions of might
 g - a potion of invisibility
 i - 4 potions of haste
 j - 6 potions of curing
 l - 3 potions of cure mutation
 s - 2 potions of berserk rage
 x - 4 potions of agility
 A - 5 potions of resistance
Miscellaneous
 M - a phantom mirror
Comestibles
 f - 9 bread rations
 k - 6 beef jerkies
 r - 12 royal jellies


   Skills:
 - Level 6.3(5.5) Fighting
 - Level 17.2(16.1) Long Blades
   Level 5.0(6.2) Axes
 + Level 7.7(8.4) Maces & Flails
   Level 6.1(7.0) Staves
 - Level 16.1(15.0) Armour
 - Level 10.2(9.3) Dodging
 - Level 12.0(11.1) Shields


You had 13 spell levels left.
You didn't know any spells.

Dungeon Overview and Level Annotations

Branches:
Dungeon (15/15)            Temple (1/1) D:7            Lair (0/6) D:10
    Orc (0/2) D:12         Vaults (0/5) D:14         Depths (1/5) D:15

Altars:
Ashenzari
Cheibriados
Dithmenos
Elyvilon
Fedhas
Gozag
Hepliaklqana
Kikubaaqudgha
Makhleb
Nemelex Xobeh
Okawaru
Qazlal
Ru
Sif Muna
Trog
Uskayaw
Vehumet
Xom
Yredelemnul
Zin
The Shining One

Shops:
D:7 [   D:8 *   D:11 :

Portals:
Hell: Depths:1
Abyss: Depths:1

Annotations:
Depths:1 Saint Roka


Innate Abilities, Weirdness & Mutations

You reflexively headbutt those who attack you in melee.
You have a pair of horns on your head.
You have sharp toenails.
Your skin changes colour to match your surroundings (Stealth+).
You can translocate small distances at will.
Your magical capacity is low. (-10% MP)
You are somewhat resistant to further mutation.
Your spells are a little harder to cast, but a little more powerful.
You expend magic power (3 MP) to strengthen your wands.


Message History

The quicksilver dragon bites you!
* * * LOW HITPOINT WARNING * * *
The quicksilver dragon claws you.
* * * LOW HITPOINT WARNING * * *
The orc sorcerer hits you but does no damage.
The orc moves out of view.
The quicksilver dragon bites you but does no damage.
The quicksilver dragon claws you but does no damage.
Saint Roka calls down the wrath of Beogh upon you.
Beogh smites you!
* * * LOW HITPOINT WARNING * * *
You can move again. 2 orcs come into view.
You feel very mighty all of a sudden.
The quicksilver dragon bites you but does no damage.
The quicksilver dragon claws you but does no damage.
The orc sorcerer hits you but does no damage.
Saint Roka calls down the wrath of Beogh upon you.
Beogh smites you!
You die...

##................##.
##....................
########................(....
#..........#..........§.≈≈.≈.
#.######...##........≈§≈≈§≈..
#.###........ [≈.§§.§
#.#.......# .≈.....
##.#.##oo..# ......
#.....@DD# .....
#....######.oooo# . #..###


##Doo ... C .. . You could see Saint Roka, 2 fire dragons, a quicksilver dragon,
an ettin, an orc sorcerer, 2 orc warriors and 4 orcs.

Vanquished Creatures
  Kirke (D:15)
  A frost giant (Depths:1)
  The ghost of maxonian the Geomancer, a journeyman FoEE of Sif Muna (D:14)
  A stone giant (Depths:1)
  A white draconian (IceCv)
  An ettin (Depths:1)
  A yaktaur captain (D:15)
  11 slime creatures
  A hydra (D:14)
  3 centaur warriors
  The ghost of harcile the Thaumaturge, a journeyman HEAE of Vehumet (IceCv)
  A death knight (D:14)
  4 tengu warriors
  The ghost of CALLOUS the Reanimator, a novice NaNe (D:9)
  9 hell knights (Depths:1)
  8 skeletal warriors
  An unseen horror (D:13)
  3 necromancers
  6 hill giants
  Pikel (D:9)
  18 ugly things
  A wolf spider zombie (D:12)
  2 cyclopes (D:14)
  2 ice statues (IceCv)
  A centaur skeleton (D:14)
  A komodo dragon (D:10)
  An efreet (D:14)
  2 rime drakes (D:13)
  3 freezing wraiths
  10 yaktaurs
  4 trolls
  3 tengu conjurers (Depths:1)
  10 polar bears (IceCv)
  A meliai (shapeshifter) (Depths:1)
  A jumping spider (shapeshifter) (D:13)
  A hornet (D:12)
  A two-headed ogre (D:15)
  6 hippogriffs
  2 shadows (D:15)
  Sigmund (D:3)
  20 yaks
  2 wraiths
  3 hogs (D:15)
  A hungry ghost (D:15)
  5 vampire mosquitoes (D:15)
  3 soldier ants (D:12)
  2 hell hounds (D:10)
  7 orc warriors
  7 sky beasts
  4 ice beasts
  6 ogres
  A hornet zombie (D:8)
  2 black bears
  A phantom (D:11)
  A slave (D:9)
  16 wolves (IceCv)
  A necrophage (D:8)
  2 crocodiles
  13 centaurs
  3 big kobolds
  11 bullfrogs
  Blork the orc (D:5)
  A wyvern zombie (D:12)
  A gnoll sergeant (D:9)
  A wyvern skeleton (D:8)
  A water moccasin skeleton (D:8)
  A scorpion (D:13)
  9 killer bees
  16 wights
  3 howler monkeys (D:8)
  4 centaur zombies
  11 crimson imps
  A bullfrog zombie (D:13)
  3 quasits
  5 hounds
  2 jellies
  5 bullfrog skeletons
  7 orc priests
  12 orc wizards
  2 iguanas
  12 worker ants
  A hound zombie (D:5)
  A worker ant zombie (D:11)
  11 gnolls
  10 adders
  A howler monkey skeleton (D:8)
  2 shadow imps
  An adder zombie (D:5)
  2 adder skeletons
  4 worms
  3 dart slugs
  6 leopard geckos
  88 orcs
  8 bats
  3 giant cockroaches
  8 goblins
  2 hobgoblins
  17 jackals
  23 kobolds
  2 quokkas (D:4)
  5 frilled lizards
  2 leopard gecko skeletons
  A quokka zombie (D:9)
  3 rats
541 creatures vanquished.

Vanquished Creatures (others)
  An ugly thing (Depths:1)
  A human (D:15)
  2 slaves (D:9)
  An orc priest (D:9)
  An orc (D:9)
6 creatures vanquished.

Grand Total: 547 creatures vanquished

Notes
Turn   | Place    | Note
-------+----------+-------------------------------------------
     0 | D:1      | schorsch312 the Minotaur Fighter began the quest for the Orb.
     0 | D:1      | Reached XP level 1. HP: 19/19 MP: 0/0
   214 | D:1      | Reached XP level 2. HP: 16/26 MP: 1/1
   498 | D:1      | Reached XP level 3. HP: 24/31 MP: 2/2
   951 | D:2      | Reached skill level 5 in Axes
   994 | D:2      | Reached skill level 1 in Maces & Flails
   995 | D:2      | Reached XP level 4. HP: 38/39 MP: 3/3
  1786 | D:3      | Noticed Sigmund
  1791 | D:3      | Killed Sigmund
  1791 | D:3      | Reached skill level 5 in Maces & Flails
  1791 | D:3      | Reached XP level 5. HP: 41/45 MP: 4/4
  1842 | D:3      | Reached XP level 6. HP: 44/51 MP: 5/5
  2445 | D:4      | Got a shimmering falchion
  2446 | D:4      | Identified the +11 falchion "Jotecik" {drain, rF+ Str+4} (You found it on level 4 of the Dungeon)
  2562 | D:4      | Found a stormy altar of Qazlal.
  2603 | D:5      | Entered Level 5 of the Dungeon
  2666 | D:5      | Noticed Blork the orc
  2669 | D:5      | Killed Blork the orc
  2669 | D:5      | Reached skill level 2 in Long Blades
  2723 | D:5      | Noticed a sky beast
  2727 | D:5      | Killed a sky beast
  2727 | D:5      | Reached skill level 3 in Long Blades
  2727 | D:5      | Reached XP level 7. HP: 57/57 MP: 6/6
  2738 | D:5      | Reached skill level 4 in Long Blades
  2748 | D:5      | Reached skill level 5 in Long Blades
  2963 | D:5      | Found a stormy altar of Qazlal.
  3048 | D:5      | Reached skill level 6 in Long Blades
  3128 | D:5      | Found a hazy altar of Hepliaklqana.
  3353 | D:6      | Got a transparent rapier
  3371 | D:6      | Reached skill level 7 in Long Blades
  3444 | D:6      | Identified the +10 rapier of Gozag {flame, Int+3} (You found it on level 6 of the Dungeon)
  3576 | D:6      | Reached XP level 8. HP: 64/64 MP: 7/7
  3739 | D:6      | Noticed a hippogriff
  3744 | D:6      | Killed a hippogriff
  3744 | D:6      | Reached skill level 8 in Long Blades
  3849 | D:6      | Reached skill level 9 in Long Blades
  4243 | D:7      | Reached skill level 10 in Long Blades
  4590 | D:7      | Found Yvew's Antique Armour Shop.
  4598 | D:7      | Bought a pair of runed gloves for 336 gold pieces
  4606 | D:7      | Reached skill level 11 in Long Blades
  4682 | D:7      | Reached XP level 9. HP: 70/70 MP: 8/8
  4708 | D:7      | Found a staircase to the Ecumenical Temple.
  4714 | Temple   | Entered the Ecumenical Temple
  4811 | Temple   | Became a worshipper of Trog the Wrathful
  4987 | D:7      | Reached skill level 12 in Long Blades
  5004 | D:7      | Gained mutation: Your skin changes colour to match your surroundings (Stealth+). [mutagenic meat]
  5005 | D:7      | Gained mutation: You expend magic power (3 MP) to strengthen your wands. [mutagenic meat]
  5143 | D:7      | Found a blossoming altar of Fedhas.
  5340 | D:8      | Reached skill level 13 in Long Blades
  5361 | D:8      | Found a radiant altar of Vehumet.
  5367 | D:8      | Found a snail-covered altar of Cheibriados.
  5459 | D:8      | Reached * piety under Trog
  5801 | D:8      | Reached skill level 14 in Long Blades
  5972 | D:8      | Found Vohuxups's Assorted Antiques.
  5980 | D:8      | Bought a scroll labeled JETWAH OVAI for 37 gold pieces
  6180 | D:9      | Reached XP level 10. HP: 76/77 MP: 9/9
  6181 | D:9      | Reached ** piety under Trog
  6185 | D:9      | Reached skill level 5 in Shields
  6304 | D:9      | Reached skill level 5 in Armour
  6378 | D:9      | Noticed Pikel
  6424 | D:9      | Killed Pikel
  6432 | D:9      | Reached *** piety under Trog
  6625 | D:9      | Noticed CALLOUS's ghost (novice NaNe)
  6732 | D:9      | Killed CALLOUS's ghost
  7090 | D:10     | Entered Level 10 of the Dungeon
  7163 | D:10     | Noticed a hill giant
  7168 | D:10     | Killed a hill giant
  7310 | D:10     | Found a staircase to the Lair.
  7367 | D:10     | Noticed a hill giant
  7372 | D:10     | Killed a hill giant
  7372 | D:10     | Reached **** piety under Trog
  7372 | D:10     | Reached XP level 11. HP: 82/82 MP: 10/10
  7688 | D:10     | Gained mutation: You have sharp toenails. [potion of mutation]
  7688 | D:10     | Gained mutation: You can translocate small distances at will. [potion of mutation]
  7688 | D:10     | Gained mutation: Your magical capacity is low. (-10% MP) [potion of mutation]
  7832 | D:11     | Found Elyturph's Book Shop.
  7838 | D:11     | Reached skill level 10 in Armour
  7864 | D:11     | Noticed a hill giant
  7872 | D:11     | Killed a hill giant
  7872 | D:11     | Reached skill level 10 in Shields
  8505 | D:11     | You fall through a shaft!
  8505 | D:12     | Noticed a green ugly thing
  8513 | D:12     | Killed a green ugly thing
  8631 | D:12     | Reached skill level 1 in Dodging
  8636 | D:12     | Reached ***** piety under Trog
  8684 | D:12     | Found a staircase to the Orcish Mines.
  8718 | D:12     | Received a gift from Trog
  8906 | D:12     | Noticed a red ugly thing
  8918 | D:12     | Killed a red ugly thing
  8965 | D:12     | Noticed a hill giant
  8972 | D:12     | Killed a hill giant
  9072 | D:12     | Noticed a centaur warrior
  9083 | D:12     | Killed a centaur warrior
  9083 | D:12     | Reached skill level 5 in Dodging
  9083 | D:12     | Reached XP level 12. HP: 88/90 MP: 9/9
  9453 | D:13     | Found a frozen archway.
  9647 | IceCv    | Entered an ice cave
 10112 | IceCv    | Noticed harcile's ghost (journeyman HEAE)
 10149 | IceCv    | Noticed a white draconian
 10154 | IceCv    | Killed harcile's ghost
 10167 | IceCv    | Killed a white draconian
 10855 | D:13     | Gained mutation: Your spells are a little harder to cast, but a little more powerful. [mutagenic meat]
 10866 | D:13     | Received a gift from Trog
 10888 | D:13     | Reached XP level 13. HP: 84/95 MP: 10/10
 11733 | D:14     | Reached skill level 10 in Dodging
 11875 | D:14     | Reached skill level 15 in Armour
 12113 | D:14     | Gained mutation: You are somewhat resistant to further mutation. [mutagenic meat]
 12210 | D:14     | Noticed maxonian's ghost (journeyman FoEE)
 12246 | D:14     | Killed maxonian's ghost
 12512 | D:14     | Found a gate to the Vaults.
 12605 | D:14     | Reached skill level 5 in Fighting
 12676 | D:15     | Entered Level 15 of the Dungeon
 12743 | D:15     | Received a gift from Trog
 12766 | D:15     | Reached skill level 1 in Staves
 13484 | D:15     | Reached skill level 5 in Staves
 13520 | D:15     | Found a staircase to the Depths.
 13543 | D:15     | Reached XP level 14. HP: 103/107 MP: 11/11
 13710 | D:15     | Reached skill level 15 in Long Blades
 13810 | D:15     | Noticed Kirke
 13850 | D:15     | Killed Kirke
 14229 | Depths:1 | Entered Level 1 of the Depths
 14242 | Depths:1 | Noticed a stone giant
 14254 | Depths:1 | Killed a stone giant
 14254 | Depths:1 | Reached skill level 16 in Long Blades
 14606 | Depths:1 | Noticed a frost giant
 14620 | Depths:1 | Killed a frost giant
 14651 | Depths:1 | Found a gateway to Hell.
 14676 | Depths:1 | Reached skill level 17 in Long Blades
 14745 | Depths:1 | Reached ****** piety under Trog
 14758 | Depths:1 | HP: 3/108 [hell knight/demon whip of distortion (3)]
 15427 | Depths:1 | Found a one-way gate to the infinite horrors of the Abyss.
 15474 | Depths:1 | Noticed a quicksilver dragon
 15486 | Depths:1 | Noticed Saint Roka
 15490 | Depths:1 | Paralysed by an orc sorcerer for 6 turns
 15497 | Depths:1 | Killed from afar by Saint Roka

Skill      XL: |  1  2  3  4  5  6  7  8  9 10 11 12 13 14 |
---------------+-------------------------------------------+-----
Axes           | 3 4 5 |  5.0
Maces & Flails | 1 5 6 7 |  7.7
Long Blades    | 3 7 11 14 17 | 17.2
Armour         | 4 9 12 14 15 16 | 16.1
Shields        | 4 9 11 12 | 12.0
Dodging        | 5 9 10 | 10.2
Fighting       | 5 6 |  6.3
Staves         | 6 |  6.1

Action                   |  1- 3 |  4- 6 |  7- 9 | 10-12 | 13-15 || total
-------------------------+-------+-------+-------+-------+-------++-------
Melee: War axe           |    66 |       |       |       |       ||    66
       Headbutt          |    17 |    19 |    52 |   199 |   260 ||   547
       Whip              |    37 |   101 |       |       |       ||   138
       Falchion          |       |     5 |   247 |   710 |   658 ||  1620
       Lajatang          |       |       |       |       |    66 ||    66
       Demon whip        |       |       |       |       |    72 ||    72
Invok: Burn Spellbooks   |       |       |     2 |     2 |       ||     4
 Abil: Blink             |       |       |       |       |     1 ||     1
  Use: Potion            |       |     1 |       |     3 |     5 ||     9
       Scroll            |       |       |    13 |    13 |     2 ||    28
 Stab: Invisible         |       |       |       |     6 |       ||     6
  Eat: Chunk             |       |     5 |     6 |    10 |     6 ||    27
       Bread ration      |       |       |     1 |       |     1 ||     2
       Meat ration       |       |       |     1 |       |     1 ||     2
       Pizza             |       |       |       |     2 |       ||     2
       Fruit             |       |       |       |     3 |    10 ||    13
Armor: Scale mail        |    31 |       |       |       |       ||    31
       Chain mail        |    17 |    55 |    96 |       |       ||   168
       Plate armour      |       |       |    63 |    60 |       ||   123
       Crystal plate arm |       |       |       |   236 |   472 ||   708
Dodge: Dodged            |    26 |    10 |    55 |   109 |   196 ||   396
Block: Shield            |    50 |    33 |    99 |   323 |   143 ||   648
       Buckler           |       |       |       |       |    46 ||    46
       Rpst.: Falchion   |       |       |    12 |    21 |    28 ||    61
